TOP OF THE 1ST |
Arizona State Sun Devils batting - Pitching for Baylor Bears : RHP Wayne Orlebar
|
Pitching: RHP Wayne Orlebar
|
|
Batting: LHB Derrick Simpson
|
0-0: Called Strike 0-1: Foul Ball, location: 2F 0-2: Ball 1-2: Ball 2-2: Strikes out looking
|
Batting: RHB Lance Rodríguez
|
0-0: Called Strike 0-1: Called Strike 0-2: Foul Ball, location: 2F 0-2: Ball 1-2: Strikes out swinging
|
Batting: RHB Jed Anderson
|
0-0: Ball 1-0: Fly out, F9 (Flyball, 9LM)
|
Top of the 1st over - 0 run(s), 0 hit(s), 0 error(s), 0 left on base; Arizona State 0 - Baylor 0 |
BOTTOM OF THE 1ST |
Baylor Bears batting - Pitching for Arizona State Sun Devils : RHP Germán García
|
Pitching: RHP Germán García
|
|
Batting: LHB David Taylor
|
0-0: Ground out U3 (Groundball, 3S)
|
Batting: LHB John White
|
0-0: Called Strike 0-1: Foul Ball, location: 2F 0-2: Ball 1-2: Ball 2-2: Fly out, F8 (Flyball, 8RS)
|
Batting: RHB Horace Johnson
|
0-0: Swinging Strike 0-1: Foul Ball, location: 2F 0-2: Strikes out swinging
|
Bottom of the 1st over - 0 run(s), 0 hit(s), 0 error(s), 0 left on base; Arizona State 0 - Baylor 0 |
TOP OF THE 2ND |
Arizona State Sun Devils batting - Pitching for Baylor Bears : RHP Wayne Orlebar
|
Batting: RHB Larry Booth
|
0-0: Ball 1-0: Foul Ball, location: 2F 1-1: Ball 2-1: Ball 3-1: Foul Ball, location: 2F 3-2: DOUBLE (Line Drive, 3D)
|
Batting: RHB Jeffrey Hicks
|
0-0: Ball 1-0: Called Strike 1-1: Foul Ball, location: 2F 1-2: Foul Ball, location: 2F Reached via error on a dropped throw, E3 Larry Booth to third
|
Batting: RHB Tom Hicks
|
0-0: Called Strike 0-1: Ball 1-1: Foul Ball, location: 2F 1-2: Grounds into double play, U6-3 (Groundball, 6M) Larry Booth scores
|
Batting: RHB Michael Fisher
|
0-0: Ball 1-0: SINGLE (Flyball, 7S)
|
Batting: RHB Geoff Jackson
|
0-0: Called Strike 0-1: Called Strike 0-2: Strikes out swinging
|
Top of the 2nd over - 1 run(s), 2 hit(s), 1 error(s), 1 left on base; Arizona State 1 - Baylor 0 |
BOTTOM OF THE 2ND |
Baylor Bears batting - Pitching for Arizona State Sun Devils : RHP Germán García
|
Batting: LHB Matt Reese
|
0-0: Swinging Strike 0-1: Ball 1-1: Foul Ball, location: 2F 1-2: Strikes out swinging
|
Batting: RHB Esteban Vargas
|
0-0: Called Strike 0-1: Swinging Strike 0-2: Foul Ball, location: 2F 0-2: Ball 1-2: Ball 2-2: Ball 3-2: Strikes out looking
|
Batting: RHB John Krueger
|
0-0: Called Strike 0-1: Ball 1-1: Swinging Strike 1-2: Ball 2-2: Ball 3-2: Base on Balls
|
Batting: RHB Guy Morrison
|
0-0: Called Strike 0-1: Ball 1-1: Foul Ball, location: 2F 1-2: Strikes out looking
|
Bottom of the 2nd over - 0 run(s), 0 hit(s), 0 error(s), 1 left on base; Arizona State 1 - Baylor 0 |
TOP OF THE 3RD |
Arizona State Sun Devils batting - Pitching for Baylor Bears : RHP Wayne Orlebar
|
Batting: RHB Edison Olson
|
0-0: Foul Ball, location: 2F 0-1: Ball 1-1: Foul Ball, location: 2F 1-2: Strikes out swinging
|
Batting: LHB Derrick Simpson
|
0-0: Foul Ball, location: 2F 0-1: Foul Ball, location: 2F 0-2: Ball 1-2: Ball 2-2: Strikes out looking
|
Batting: RHB Lance Rodríguez
|
0-0: Ball 1-0: Foul Ball, location: 2F 1-1: Ball 2-1: Called Strike 2-2: Fly out, F4 (Popup, 34D)
|
Top of the 3rd over - 0 run(s), 0 hit(s), 0 error(s), 0 left on base; Arizona State 1 - Baylor 0 |
BOTTOM OF THE 3RD |
Baylor Bears batting - Pitching for Arizona State Sun Devils : RHP Germán García
|
Batting: LHB Brian Richardson
|
0-0: Hit by Pitch
|
Batting: LHB Brett Jackson
|
0-0: Called Strike 0-1: Ball 1-1: SINGLE (Groundball, 25) (infield hit) Brian Richardson to second
|
Batting: LHB David Taylor
|
0-0: Ball 1-0: Fielders Choice at 2nd, U6 (Groundball, 6M) Brian Richardson to third
|
Batting: LHB John White
|
0-0: Ball 1-0: Called Strike David Taylor steals 2nd base 1-1: SINGLE (Line Drive, 89S) Brian Richardson scores David Taylor to third Runner from 3rd tries for Home, SAFE, no throw or cutoff
|
Batting: RHB Horace Johnson
|
0-0: Called Strike 0-1: Called Strike 0-2: Ball 1-2: Ball 2-2: Ball 3-2: Foul Ball, location: 2F 3-2: Foul Ball, location: 2F 3-2: Foul Ball, location: 2F 3-2: Base on Balls John White to second
|
Batting: LHB Matt Reese
|
0-0: Ball 1-0: Ball 2-0: Ball 3-0: Base on Balls John White to third Horace Johnson to second
|
Batting: RHB Esteban Vargas
|
0-0: Fly out, F6 (Popup, 5F)
|
Batting: RHB John Krueger
|
0-0: Called Strike 0-1: Swinging Strike 0-2: Ball 1-2: Strikes out swinging
|
Bottom of the 3rd over - 2 run(s), 2 hit(s), 0 error(s), 3 left on base; Arizona State 1 - Baylor 2 |
TOP OF THE 4TH |
Arizona State Sun Devils batting - Pitching for Baylor Bears : RHP Wayne Orlebar
|
Batting: RHB Jed Anderson
|
0-0: Called Strike 0-1: Reached on error, E5 (Groundball, 5)
|
Batting: RHB Larry Booth
|
0-0: Called Strike 0-1: Ball 1-1: Called Strike 1-2: Strikes out swinging
|
Batting: RHB Jeffrey Hicks
|
0-0: Ball 1-0: Ball 2-0: Ground out 2-3 (Groundball, 25) Jed Anderson to second
|
Batting: RHB Tom Hicks
|
0-0: Ball 1-0: Called Strike 1-1: Ground out 4-3 (Groundball, 4MS)
|
Top of the 4th over - 0 run(s), 0 hit(s), 1 error(s), 1 left on base; Arizona State 1 - Baylor 2 |
BOTTOM OF THE 4TH |
Baylor Bears batting - Pitching for Arizona State Sun Devils : RHP Germán García
|
Batting: RHB Guy Morrison
|
0-0: Called Strike 0-1: Foul Ball, location: 2F 0-2: SOLO HOME RUN (Flyball, 7LD), Distance : 324 ft
|
Batting: LHB Brian Richardson
|
0-0: Called Strike 0-1: Ball 1-1: Ground out U3 (Groundball, 3S)
|
Batting: LHB Brett Jackson
|
0-0: Swinging Strike 0-1: Ground out U3 (Groundball, 3L)
|
Batting: LHB David Taylor
|
0-0: SINGLE (Groundball, 34D)
|
Batting: LHB John White
|
0-0: Ground out 3-1 (Groundball, 34)
|
Bottom of the 4th over - 1 run(s), 2 hit(s), 0 error(s), 1 left on base; Arizona State 1 - Baylor 3 |
TOP OF THE 5TH |
Arizona State Sun Devils batting - Pitching for Baylor Bears : RHP Wayne Orlebar
|
Batting: RHB Michael Fisher
|
0-0: Called Strike 0-1: Foul Ball, location: 2F 0-2: Strikes out swinging
|
Batting: RHB Geoff Jackson
|
0-0: Foul Ball, location: 2F 0-1: Ball 1-1: Fly out, F7 (Flyball, 78M)
|
Batting: RHB Edison Olson
|
0-0: Called Strike 0-1: Ball 1-1: Foul Ball, location: 2F 1-2: SOLO HOME RUN (Flyball, 8LXD), Distance : 399 ft
|
Batting: LHB Derrick Simpson
|
0-0: Ball 1-0: Foul Ball, location: 2F 1-1: Foul Ball, location: 2F 1-2: Ball 2-2: Strikes out swinging
|
Top of the 5th over - 1 run(s), 1 hit(s), 0 error(s), 0 left on base; Arizona State 2 - Baylor 3 |
BOTTOM OF THE 5TH |
Baylor Bears batting - Pitching for Arizona State Sun Devils : RHP Germán García
|
Batting: RHB Horace Johnson
|
0-0: Ball 1-0: Foul Ball, location: 2F 1-1: SOLO HOME RUN (Line Drive, 78XD), Distance : 366 ft
|
Batting: LHB Matt Reese
|
0-0: Ball 1-0: Swinging Strike 1-1: Swinging Strike 1-2: Strikes out swinging
|
Batting: RHB Esteban Vargas
|
0-0: Called Strike 0-1: Ground out 6-3 (Groundball, 6)
|
Batting: RHB John Krueger
|
0-0: Called Strike 0-1: Fly out, F7 (Flyball, 7M)
|
Bottom of the 5th over - 1 run(s), 1 hit(s), 0 error(s), 0 left on base; Arizona State 2 - Baylor 4 |
TOP OF THE 6TH |
Arizona State Sun Devils batting - Pitching for Baylor Bears : RHP Wayne Orlebar
|
Batting: RHB Lance Rodríguez
|
0-0: Called Strike 0-1: Fly out, F8 (Flyball, 8LM)
|
Batting: RHB Jed Anderson
|
0-0: Foul Ball, location: 2F 0-1: Foul Ball, location: 2F 0-2: Foul Ball, location: 2F 0-2: Strikes out looking
|
Batting: RHB Larry Booth
|
0-0: Called Strike 0-1: Ball 1-1: Ball 2-1: Foul Ball, location: 2F 2-2: Strikes out looking
|
Top of the 6th over - 0 run(s), 0 hit(s), 0 error(s), 0 left on base; Arizona State 2 - Baylor 4 |
BOTTOM OF THE 6TH |
Baylor Bears batting - Pitching for Arizona State Sun Devils : RHP Germán García
|
Batting: RHB Guy Morrison
|
0-0: Ground out 6-3 (Groundball, 6M)
|
Batting: LHB Brian Richardson
|
0-0: Swinging Strike 0-1: Ball 1-1: Foul Ball, location: 2F 1-2: Strikes out swinging
|
Batting: LHB Brett Jackson
|
0-0: Ground out 1-3 (Groundball, 23)
|
Bottom of the 6th over - 0 run(s), 0 hit(s), 0 error(s), 0 left on base; Arizona State 2 - Baylor 4 |
TOP OF THE 7TH |
Arizona State Sun Devils batting - Pitching for Baylor Bears : RHP Wayne Orlebar
|
Pitching: RHP Ramón Castaneda
|
|
Batting: RHB Jeffrey Hicks
|
0-0: Ball 1-0: Ball 2-0: SINGLE (Groundball, 6MD)
|
Batting: RHB Tom Hicks
|
0-0: Foul Ball, location: 2F 0-1: Swinging Strike 0-2: Ball 1-2: Fly out, F7 (Flyball, 7M)
|
Batting: RHB Michael Fisher
|
0-0: Called Strike 0-1: Called Strike 0-2: Ball 1-2: Ball 2-2: Ball 3-2: Strikes out swinging
|
Batting: RHB Geoff Jackson
|
0-0: Called Strike 0-1: Fly out, F9 (Flyball, 9S)
|
Top of the 7th over - 0 run(s), 1 hit(s), 0 error(s), 1 left on base; Arizona State 2 - Baylor 4 |
BOTTOM OF THE 7TH |
Baylor Bears batting - Pitching for Arizona State Sun Devils : RHP Germán García
|
Pitching: LHP Hunter Cote
|
|
Batting: LHB David Taylor
|
0-0: Called Strike 0-1: Ball 1-1: Ball 2-1: Ball 3-1: Swinging Strike 3-2: Fly out, F9 (Flyball, 9M)
|
Batting: LHB John White
|
0-0: Ball 1-0: Ball 2-0: Fly out, F7 (Flyball, 7S)
|
Batting: RHB Horace Johnson
|
0-0: Ground out U3 (Groundball, 3)
|
Bottom of the 7th over - 0 run(s), 0 hit(s), 0 error(s), 0 left on base; Arizona State 2 - Baylor 4 |
TOP OF THE 8TH |
Arizona State Sun Devils batting - Pitching for Baylor Bears : RHP Ramón Castaneda
|
Now at 3B: Lakota O'Reilly
|
|
Batting: RHB Edison Olson
|
0-0: Called Strike 0-1: Ground out 1-3 (Groundball, 13)
|
Batting: LHB Derrick Simpson
|
0-0: Called Strike 0-1: Foul Ball, location: 2F 0-2: Ball 1-2: Ball 2-2: Ball 3-2: Base on Balls
|
Pitching: RHP Chuck Andrews
|
|
Batting: RHB Lance Rodríguez
|
0-0: Called Strike 0-1: Fly out, F7 (Line Drive, 7M)
|
Batting: RHB Jed Anderson
|
0-0: Called Strike 0-1: Foul Ball, location: 2F 0-2: Ball 1-2: Ball 2-2: Ball 3-2: Fly out, F2 (Popup, 2R)
|
Top of the 8th over - 0 run(s), 0 hit(s), 0 error(s), 1 left on base; Arizona State 2 - Baylor 4 |
BOTTOM OF THE 8TH |
Baylor Bears batting - Pitching for Arizona State Sun Devils : LHP Hunter Cote
|
Batting: LHB Matt Reese
|
0-0: Ball 1-0: Ball 2-0: Ball 3-0: Base on Balls
|
Batting: RHB Esteban Vargas
|
0-0: Fly out, F8 (Flyball, 8RM)
|
Batting: RHB John Krueger
|
0-0: Ball 1-0: Swinging Strike 1-1: Called Strike 1-2: SINGLE (Line Drive, 8LS) Matt Reese to second
|
Batting: RHB Guy Morrison
|
0-0: Ball 1-0: Ball 2-0: Ball 3-0: Called Strike 3-1: Base on Balls Matt Reese to third John Krueger to second
|
Pinch Hitting: RHB Doyle Hall
|
0-0: Ball 1-0: Ball 2-0: Swinging Strike 2-1: Foul Ball, location: 2F 2-2: Foul Ball, location: 2F 2-2: Ball 3-2: Strikes out swinging
|
Batting: LHB Brett Jackson
|
0-0: GRAND SLAM HOME RUN (Flyball, 9D), Distance : 366 ft
|
Pitching: RHP Héctor Mora
|
|
Batting: RHB Lakota O'Reilly
|
0-0: Fly out, F9 (Line Drive, 89S)
|
Bottom of the 8th over - 4 run(s), 2 hit(s), 0 error(s), 0 left on base; Arizona State 2 - Baylor 8 |
TOP OF THE 9TH |
Arizona State Sun Devils batting - Pitching for Baylor Bears : RHP Chuck Andrews
|
Now at 1B: Jorge Gabaldón
|
|
Batting: RHB Larry Booth
|
0-0: Ball 1-0: Fly out, F8 (Flyball, 8RM)
|
Batting: RHB Jeffrey Hicks
|
0-0: Called Strike 0-1: Swinging Strike 0-2: Ball 1-2: Fly out, F9 (Flyball, 89M)
|
Batting: RHB Tom Hicks
|
0-0: Swinging Strike 0-1: Fly out, F2 (Popup, 2RF)
|
Top of the 9th over - 0 run(s), 0 hit(s), 0 error(s), 0 left on base; Arizona State 2 - Baylor 8 |
|